 Dungeon Crawl Stone Soup version 0.19-a0-1740-g0bcaf2e (webtiles) character file.

20559 hairmachine the Markscentaur (level 12, -7/106 HPs)
             Began as a Centaur Hunter on Oct 1, 2016.
             Was a High Priest of Okawaru.
             Mangled by a wolf (13 damage)
             ... on level 3 of the Lair of Beasts.
             The game lasted 00:57:16 (20395 turns).

hairmachine the Markscentaur (Centaur Hunter)      Turns: 20395, Time: 00:57:16

Health: -7/106     AC: 18    Str: 17    XL:     12   Next: 46%
Magic:  12/12      EV:  4    Int: 10    God:    Okawaru [*****.]
Gold:   668        SH:  0    Dex: 16    Spells: 0 memorised, 11 levels left

rFire  + + .     SeeInvis .     M - +1 longbow (freeze)
rCold  + + .     Gourm    .     c - +1 chain mail {rC+}
rNeg   . . .     Faith    +     (shield currently unavailable)
rPois  +         Spirit   .     j - +2 helmet
rElec  +         Dismiss  .     (no cloak)
rCorr  +         Reflect  .     (no gloves)
MR     .....     Harm     .     N - -4 centaur barding of the Hippo {Str+3}
Stlth  ..........               B - amulet of faith
                                q - ring of protection from fire
                                l - +2 ring of protection

@: resistant, slowed
A: hooves 3, deformed body, speed 2, tough skin 3
a: Heroism, Finesse, Renounce Religion


You were on level 3 of the Lair of Beasts.
You worshipped Okawaru.
Okawaru was extremely pleased with you.
You were not hungry.

You visited 3 branches of the dungeon, and saw 14 of its levels.

You collected 668 gold pieces.

Inventory:

Hand Weapons
 a - a +1 shortbow
 M - a +1 longbow of freezing (weapon)
Missiles
 d - 201 arrows (quivered)
Armour
 c - a +1 chain mail of cold resistance (worn)
 j - a +2 helmet (worn)
 N - the -4 centaur barding of the Hippo (worn) {Str+3}
   (Okawaru gifted it to you on level 2 of the Lair of Beasts)

   It affects your strength (+3).
Jewellery
 g - an uncursed ring of flight {unknown}
 l - a +2 ring of protection (left hand)
 q - a ring of protection from fire (right hand)
 B - an amulet of faith (around neck)
 G - an uncursed ring of fire {unknown}
 P - an uncursed ring of ice
Wands
 p - a wand of polymorph (3/24)
 t - a wand of random effects (32/48)
 D - a wand of flame (48/48)
 F - a wand of disintegration (8/24)
 J - a wand of random effects (29/48)
 O - a wand of polymorph (8/24)
Scrolls
 b - 2 scrolls of fog
 i - a scroll of blinking {unknown}
 m - 5 scrolls of remove curse
 n - a scroll of random uselessness {unknown}
 o - a scroll of enchant weapon {unknown}
 s - 2 scrolls of recharging
 u - a scroll of fear {unknown}
 y - 3 scrolls of amnesia {unknown}
 z - 11 scrolls of identify
 C - a scroll of magic mapping {unknown}
 L - a scroll of acquirement {unknown}
Potions
 h - a potion of degeneration {unknown}
 w - a potion of lignification {unknown}
 A - 3 potions of brilliance {unknown}
 E - a potion of berserk rage
 H - a potion of cancellation {unknown}
 R - a potion of magic
Books
 k - a book of Frost

   Spells                             Type                      Level
   a - Freeze                         Ice                          1
   b - Throw Frost                    Conjuration/Ice              2
   c - Ozocubu's Armour               Charms/Ice                   3
   d - Throw Icicle                   Conjuration/Ice              4
   e - Summon Ice Beast               Ice/Summoning                4
 x - a book of Cantrips

   Spells                             Type                      Level
   a - Confusing Touch                Hexes                        1
   b - Animate Skeleton               Necromancy                   1
   c - Summon Small Mammal            Summoning                    1
   d - Apportation                    Translocation                1
 I - a book of Minor Magic

   Spells                             Type                      Level
   a - Magic Dart                     Conjuration                  1
   b - Blink                          Translocation                2
   c - Call Imp                       Summoning                    2
   d - Repel Missiles                 Charms/Air                   2
   e - Slow                           Hexes                        2
   f - Conjure Flame                  Conjuration/Fire             3
   g - Mephitic Cloud                 Conjuration/Poison/Air       3
Comestibles
 f - 10 bread rations
 r - 6 fruits
 v - 5 meat rations
 Q - a chunk of flesh


   Skills:
 + Level 10.3 Fighting
 + Level 15.6 Bows
 + Level 9.5 Armour
 - Level 1.3 Dodging
 - Level 0.5 Stealth
 - Level 6.3 Unarmed Combat


You had 11 spell levels left.
You didn't know any spells.

Dungeon Overview and Level Annotations

Branches:
Dungeon (10/15)            Temple (1/1) D:6            Lair (3/6) D:10
    Orc (0/2) D:9
  Swamp: Lair:2-4    Shoals: Lair:2-4     Snake: Lair:2-4    Spider: Lair:2-4

Altars:
Ashenzari
Cheibriados
Fedhas
Gozag
Hepliaklqana
Kikubaaqudgha
Nemelex Xobeh
Okawaru
Qazlal
Ru
Sif Muna
Trog
Uskayaw
Vehumet
Xom
Yredelemnul
Zin
The Shining One
Beogh

Shops:
D:7 :=(:

Annotations:
D:8 Gastronok
Lair:1 exclusion: oklob plant


Innate Abilities, Weirdness & Mutations

You have hooves in place of feet.
Armour fits poorly on your strangely shaped body.
You cover ground very quickly.
You have extremely tough skin. (AC +3)


Message History

The wolf bites you.
* * * LOW HITPOINT WARNING * * *
The dream sheep bites you but does no damage.
The wolf completely misses you.
The torpor snail bites you but does no damage.
The dream sheep barely misses you.
You are too injured to fight recklessly!
You are too injured to fight recklessly!
You are too injured to fight recklessly!
You are too injured to fight recklessly!
You are too injured to fight recklessly!
The wolf bites you but does no damage. The wolf barely misses you.
The dream sheep ruffle their wool and motes of dream dust sparkle, to no effect.
The wolf barely misses you. The wolf bites you but does no damage.
The dream sheep ruffle their wool and motes of dream dust sparkle, to no effect.
The wolf bites the plant.
The dream sheep shake their wool and sparkle.
You feel drowsy...
You fall asleep.
The wolf bites you!
You wake up.
You die...

.###.........####.#......(...#
................(..........P#
...............(............#
..............(............#
.............(.............#
.................รท.........##
............................#
...........YYh.....(.......P#
..?........whh@.............#
##..####.###P.#.###........##
## ### #######.........#
#.<.......# ####........#
.##.####...........#
............>......#
....................#
....................#


You could see a torpor snail, 3 wolves and 2 dream sheep.

Vanquished Creatures
  Fannar (Lair:2)
  Harold (Lair:1)
  2 hydras
  Erica (D:9)
  Pikel (D:9)
  3 black mambas
  11 spiny frogs
  4 komodo dragons (Lair:2)
  Prince Ribbit (D:9)
  4 hippogriffs
  A dream sheep (Lair:3)
  13 blink frogs
  A spriggan (D:7)
  A wyvern (Lair:2)
  6 yaks (D:9)
  2 basilisks
  A steam dragon (D:8)
  A hungry ghost (D:8)
  2 wargs (D:9)
  4 water moccasins
  An orc warrior (D:7)
  4 porcupines
  A slave (D:9)
  5 ice beasts
  A black bear (D:8)
  2 sky beasts (D:5)
  A wasp (D:8)
  8 centaurs
  6 ogres
  4 crocodiles (Lair:1)
  10 bullfrogs
  A gnoll sergeant (D:7)
  A scorpion (D:6)
  11 killer bees
  3 wights (D:7)
  A howler monkey (D:6)
  4 electric eels (Lair:2)
  4 crimson imps
  A bullfrog zombie (D:10)
  3 hounds (D:4)
  4 jellies
  5 orc wizards
  2 orc priests (D:9)
  2 centaur skeletons
  Ijyb (D:2)
  Jessica (D:2)
  10 iguanas
  6 worker ants
  3 hound skeletons
  A howler monkey zombie (D:4)
  Robin (D:2)
  2 worker ant zombies
  10 adders
  13 gnolls
  A howler monkey skeleton (D:4)
  8 river rats (Lair:1)
  2 shadow imps
  An ooze (D:6)
  2 worms
  2 dart slugs (D:1)
  A leopard gecko (D:6)
  14 orcs
  8 giant cockroaches
  15 hobgoblins
  10 jackals
  7 kobolds
  A quokka (D:7)
  A ball python (D:4)
  A ball python zombie (D:3)
  6 bats
  5 frilled lizards
  8 goblins
  A leopard gecko skeleton (D:3)
  2 leopard gecko zombies (D:3)
  2 quokka skeletons
  A quokka zombie (D:8)
  2 rats
295 creatures vanquished.

Vanquished Creatures (others)
  3 slaves (D:9)
  A leopard gecko (D:9)
  A fungus (Lair:2)
5 creatures vanquished.

Grand Total: 300 creatures vanquished

Notes
Turn   | Place    | Note
-------+----------+-------------------------------------------
     0 | D:1      | hairmachine the Centaur Hunter began the quest for the Orb.
     0 | D:1      | Reached XP level 1. HP: 17/17 MP: 1/1
    84 | D:1      | Reached skill level 1 in Unarmed Combat
   234 | D:1      | Reached XP level 2. HP: 24/24 MP: 2/2
   731 | D:2      | Reached XP level 3. HP: 26/29 MP: 3/3
  1048 | D:2      | Found a faded altar of an unknown god.
  1049 | D:2      | Noticed Ijyb
  1120 | D:2      | Killed Ijyb
  1409 | D:2      | Noticed Jessica
  1422 | D:2      | Killed Jessica
  1422 | D:2      | Reached XP level 4. HP: 36/36 MP: 4/4
  2190 | D:2      | Noticed Robin
  2202 | D:2      | Killed Robin
  2522 | D:3      | Noticed a bullfrog
  2529 | D:3      | Killed a bullfrog
  2529 | D:3      | Reached skill level 5 in Unarmed Combat
  2529 | D:3      | Reached XP level 5. HP: 41/41 MP: 5/5
  3399 | D:4      | Reached XP level 6. HP: 47/48 MP: 6/6
  3546 | D:4      | Reached skill level 1 in Armour
  4027 | D:4      | Reached skill level 6 in Bows
  4254 | D:4      | Reached XP level 7. HP: 37/55 MP: 7/7
  4572 | D:5      | Entered Level 5 of the Dungeon
  4590 | D:5      | Reached skill level 7 in Bows
  5326 | D:5      | Reached skill level 8 in Bows
  5666 | D:5      | Reached XP level 8. HP: 61/61 MP: 8/8
  5992 | D:6      | Reached skill level 9 in Bows
  6237 | D:6      | Found a staircase to the Ecumenical Temple.
  6256 | Temple   | Entered the Ecumenical Temple
  6412 | Temple   | Became a worshipper of Warmaster Okawaru
  6752 | D:6      | Found a glowing silver altar of Zin.
  6758 | D:6      | Found a snail-covered altar of Cheibriados.
  6759 | D:6      | Found a stormy altar of Qazlal.
  7009 | D:6      | Reached skill level 10 in Bows
  7196 | D:7      | Reached skill level 5 in Armour
  7423 | D:6      | HP: 3/61 [killer bee (4)]
  7423 | D:6      | HP: 1/61 [killer bee (2)]
  7440 | D:6      | HP: 3/61 [poisoned by a killer bee]
  7445 | D:6      | HP: 2/61 [poisoned by a killer bee]
  7452 | D:6      | HP: 2/61 [poisoned by a killer bee]
  7460 | D:6      | HP: 1/61 [poisoned by a killer bee]
  7788 | D:6      | Reached * piety under Okawaru
  7851 | D:6      | Reached XP level 9. HP: 57/67 MP: 9/9
  7951 | D:7      | Found Rufeon's Book Shoppe.
  8040 | D:7      | Reached skill level 11 in Bows
  8980 | D:7      | Found Irubb's Jewellery Emporium.
  8996 | D:7      | Found Doagh's Antique Weapon Emporium.
  9263 | D:7      | Found a sacrificial altar of Ru.
  9263 | D:7      | Found a shimmering altar of Xom.
  9264 | D:7      | Found a glowing golden altar of the Shining One.
  9341 | D:7      | Found Ziuheluq's Book Emporium.
  9617 | D:8      | Reached ** piety under Okawaru
 10014 | D:8      | Found a snail-covered altar of Cheibriados.
 10106 | D:8      | Reached skill level 12 in Bows
 10348 | D:8      | Reached *** piety under Okawaru
 10348 | D:8      | Reached skill level 5 in Fighting
 10530 | D:8      | Reached XP level 10. HP: 81/81 MP: 10/10
 11053 | D:8      | Noticed Gastronok
 11235 | D:9      | Found a staircase to the Orcish Mines.
 11252 | D:9      | Received a gift from Okawaru
 11379 | D:9      | Noticed Erica
 11414 | D:9      | Killed Erica
 11883 | D:9      | Noticed Pikel
 12003 | D:9      | Killed Pikel
 12003 | D:9      | Reached **** piety under Okawaru
 12003 | D:9      | Reached skill level 13 in Bows
 12248 | D:9      | Received a gift from Okawaru
 12453 | D:9      | Received a gift from Okawaru
 13134 | D:9      | Noticed Prince Ribbit
 13156 | D:9      | Killed Prince Ribbit
 13156 | D:9      | Reached ***** piety under Okawaru
 13264 | D:9      | Found a roughly hewn altar of Beogh.
 13746 | D:10     | Entered Level 10 of the Dungeon
 14365 | D:9      | Reached XP level 11. HP: 92/92 MP: 11/11
 14469 | D:10     | Found a staircase to the Lair.
 14494 | Lair:1   | Entered Level 1 of the Lair of Beasts
 15360 | Lair:1   | Reached skill level 14 in Bows
 15498 | Lair:1   | Received a gift from Okawaru
 16709 | Lair:1   | Noticed Harold
 16825 | Lair:1   | Killed Harold
 17162 | Lair:1   | Noticed an oklob plant
 17262 | Lair:1   | Noticed a six-headed hydra
 17292 | Lair:1   | Killed a six-headed hydra
 17343 | Lair:1   | Received a gift from Okawaru
 17397 | Lair:1   | Received a gift from Okawaru
 18014 | Lair:2   | Noticed Fannar
 18101 | Lair:2   | Killed Fannar
 18101 | Lair:2   | Received a gift from Okawaru
 18258 | Lair:2   | Noticed an eight-headed hydra
 18289 | Lair:2   | Killed an eight-headed hydra
 18414 | Lair:2   | Reached XP level 12. HP: 105/105 MP: 12/12
 18494 | Lair:2   | Reached skill level 15 in Bows
 18496 | Lair:2   | Received a gift from Okawaru
 18875 | Lair:2   | Got a jewelled centaur barding {god gift}
 18881 | Lair:2   | Identified the -4 centaur barding of the Hippo {Str+3} (Okawaru gifted it to you on level 2 of the Lair of Beasts)
 19758 | Lair:2   | Reached skill level 10 in Fighting
 20390 | Lair:3   | HP: 5/106 [wolf (4)]
 20395 | Lair:3   | Mangled by a wolf

Vault maps used:
D:1:      eino_arrival_water_cross
D:2:      serial_curves, eino_curves_04, eino_curves_01, ecumenical_altar_2,
          uniq_robin, uniq_iyjb, uniq_jessica
D:3:      serial_undead, serial_undead_a, serial_undead_c, serial_undead_e,
          serial_undead_c, serial_undead_f, serial_undead_d, lemuel_statue_altar
D:5:      first_bread
D:6:      minitemple
D:7:      gammafunk_temple_overflow_forgotten, enter_bailey_2, serial_shops,
          kennysheep_mini_moat, shop, shop, shop, the_bakery, grunt_ministairs_4
D:8:      basic_altar, uniq_gastronok
D:9:      minmay_orc_entry_temple_small, minmay_holes, uniq_prince_ribbit1,
          uniq_erica, uniq_pikel
D:10:     erik_lair_orcish_takeover
Temple:   regret_index_temple_generic_petals
Lair:1:   minmay_lair_oklob_items, grunt_megastairs_4, uniq_harold
Lair:2:   beast_lair_carwin_4, serial_bayou_shore_b, serial_bayou_shore_b,
          infiniplex_staircase_pool, uniq_fannar
Lair:3:   elwin_shoals_entry_rooms

Skill      XL: |  1  2  3  4  5  6  7  8  9 10 11 12 |
---------------+-------------------------------------+-----
Unarmed Combat | 1 2 4 5 6 |  6.3
Armour         | 2 3 5 6 7 9 |  9.5
Bows           | 6 8 10 12 13 14 15 | 15.6
Fighting       | 5 7 9 10 | 10.3
Dodging        | |  1.3
Stealth        | |  0.5

Action                   |  1- 3 |  4- 6 |  7- 9 | 10-12 || total
-------------------------+-------+-------+-------+-------++-------
Melee: Unarmed           |    71 |   209 |   246 |    81 ||   607
       Kick              |    11 |    41 |    46 |    20 ||   118
       Short sword       |     1 |       |       |       ||     1
       Punch             |     2 |     2 |     4 |     3 ||    11
 Fire: Shortbow          |    45 |    68 |   495 |   598 ||  1206
       Longbow           |       |       |       |   257 ||   257
Invok: Heroism           |       |       |       |     5 ||     5
  Use: Scroll            |       |     4 |     2 |     1 ||     7
       Potion            |       |       |    12 |     7 ||    19
 Stab: Invisible         |       |       |     1 |       ||     1
  Eat: Chunk             |     1 |     7 |    14 |    18 ||    40
       Pizza             |       |       |     1 |     1 ||     2
       Beef jerky        |       |       |     1 |       ||     1
       Meat ration       |       |       |       |     1 ||     1
Armor: Leather armour    |    22 |    25 |       |       ||    47
       Skin              |     1 |       |       |       ||     1
       Chain mail        |       |   131 |   287 |   256 ||   674
Dodge: Dodged            |    37 |    44 |    96 |    80 ||   257
